 Dungeon Crawl Stone Soup version 0.18-b1-22-ge198996 (webtiles) character file.

86 Zhenya25pyc the Skirmisher (level 4, -2/29 HPs)
             Began as a Gargoyle Fighter on May 4, 2016.
             Slain by an orc
             ... wielding a +0 falchion
              (4 damage)
             ... on level 3 of the Dungeon.
             The game lasted 00:02:44 (1776 turns).

Zhenya25pyc the Skirmisher (Gargoyle Fighter)       Turns: 1776, Time: 00:02:45

Health: -2/29      AC: 10    Str: 21    XL:     4   Next: 49%
Magic:  4/4        EV:  7    Int:  8    God:
Gold:   95         SH:  9    Dex:  9    Spells: 0 memorised, 3 levels left

rFire  . . .     SeeInvis .     a - +0 flail
rCold  . . .     Gourm    .     b - +0 scale mail
rNeg   + . .     Faith    .     c - +0 shield
rPois  ∞         Spirit   .     (no helmet)
rElec  +         Dismiss  .     (no cloak)
rCorr  .         Reflect  .     (no gloves)
SustAt .         Harm     .     (no boots)
MR     .....                    p - amulet of inaccuracy (curse)
Stlth  ..........               (no ring)
                                (no ring)

@: not resistant to hostile enchantments, extremely unstealthy
A: negative energy resistance 1, electricity resistance, unbreathing,
petrification resistance, rot immunity, AC +3
a: no special abilities


You were on level 3 of the Dungeon.
You were not hungry.

You visited 1 branch of the dungeon, and saw 3 of its levels.

You collected 95 gold pieces.

Inventory:

Hand Weapons
 a - a +0 flail (weapon)
Armour
 b - a +0 scale mail (worn)
 c - a +0 shield (worn)
Jewellery
 p - a cursed amulet of inaccuracy (around neck)
Wands
 r - a wand of lightning (5/15)
Scrolls
 e - 3 scrolls of remove curse {unknown}
 h - 2 scrolls of identify {unknown}
 t - a scroll of noise {unknown}
Potions
 d - a potion of might
 j - a potion of resistance {unknown}
 k - a potion of agility {unknown}
 l - a potion of cure mutation {unknown}
 m - a potion of heal wounds {unknown}
 n - a potion of curing {unknown}
 o - a potion of cancellation {unknown}
Comestibles
 f - 2 bread rations
 g - 2 fruits
 i - 2 beef jerkies
 q - a meat ration
 s - a chunk of flesh


   Skills:
 + Level 4.1 Fighting
 * Level 3.3 Maces & Flails
 + Level 3.9 Armour
 + Level 3.5 Shields


You had 3 spell levels left.
You didn't know any spells.

Dungeon Overview and Level Annotations

Branches:
Dungeon (3/15)

Altars:
Ashenzari
Cheibriados
Dithmenos
Sif Muna


Innate Abilities, Weirdness & Mutations

You are resistant to torment.
Your stone body is resilient (AC +3).
You are immune to poison.
You resist negative energy.
You are resistant to electric shocks.
You can survive without breathing.
You are immune to petrification.
You are immune to rotting.


Message History

The jackal bites you but does no damage.
You hit the jackal.
The jackal is severely wounded.
The jackal bites you but does no damage.
The jackal closely misses you.
You hit the jackal.
You kill the jackal!
You barely miss the orc. The orc hits you with a war axe.
* * * LOW HITPOINT WARNING * * *
The orc barely misses you.
You hit the orc but do no damage. You block the orc's attack.
You sock the orc!
You kill the orc!
You hit the orc.
The orc is almost dead.
The orc barely misses you.
You miss the orc.
The orc is almost dead.
The orc hits you with a falchion.
You die...

.# ### .#### .... ..
.... ...... ...
###.#.##### ..##
.......$. ...
##.#.#..#####.#
#......†.ooo@.##
#####.###....S###..##
....).#####_#####...#
..)<..###.....###...#
...............)....#
...........##..†....#
......#....##.......#
......##+#####.##'###
......# #.#


You could see an adder and 3 orcs.

Vanquished Creatures
  A worker ant (D:3)
  An ooze (D:2)
  A dart slug (D:1)
  2 orcs (D:3)
  A ball python (D:1)
  2 giant cockroaches
  5 goblins
  6 hobgoblins
  12 jackals
  4 kobolds
  A quokka (D:2)
  7 bats
  4 rats
47 creatures vanquished.

Notes
Turn   | Place    | Note
--------------------------------------------------------------
     0 | D:1      | Zhenya25pyc the Gargoyle Fighter began the quest for the Orb.
     0 | D:1      | Reached XP level 1. HP: 14/14 MP: 1/1
    55 | D:1      | Reached XP level 2. HP: 17/19 MP: 2/2
   305 | D:1      | Reached XP level 3. HP: 23/23 MP: 3/3
  1163 | D:2      | Found a snail-covered altar of Cheibriados.
  1203 | D:2      | Reached skill level 4 in Fighting
  1301 | D:2      | Found a deep blue altar of Sif Muna.
  1388 | D:2      | Found a shadowy altar of Dithmenos.
  1632 | D:3      | Found a shattered altar of Ashenzari.
  1675 | D:3      | Reached XP level 4. HP: 14/29 MP: 4/4
  1743 | D:3      | HP: 1/29 [orc/war axe (4)]
  1776 | D:3      | Slain by an orc

Skill      XL: |  1  2  3 |
---------------+----------+-----
Fighting       | 4 |  4.1
Maces & Flails | 3 |  3.3
Armour         | |  3.9
Shields        | |  3.5

Action                   |  1- 3 |  4- 6 || total
-------------------------+-------+-------++-------
Melee: Flail             |   153 |    79 ||   232
  Eat: Chunk             |     3 |       ||     3
Armor: Scale mail        |   115 |   100 ||   215
Dodge: Dodged            |    52 |    46 ||    98
Block: Shield            |   104 |    80 ||   184
